[Event "DFMMLV 2017"]
[Site "Braunfels"]
[Date "2017.06.17"]
[Round "4"]
[White "Landenberger, Anja Kathrin"]
[Black "Zpevakova, Katerina"]
[Result "1-0"]
[ECO "A48"]
[WhiteElo "1544"]
[BlackElo "1912"]
[Annotator "NA"]
[PlyCount "61"]
[EventDate "2017.??.??"]
[EventType "team-tourn"]
[EventCountry "GER"]
[SourceTitle "playchess.com"]
[Source "ChessBase"]
[SourceQuality "1"]
[TimeControl "40/5400+30:1800+30"]

1. d4 Nf6 2. Nf3 g6 3. Bf4 Bg7 4. e3 d6 (4... c5 $5) 5. h3 c6 6. c3 O-O 7. Be2 {[%emt 0:03:24] A48: 1 d4 Nf6 2 Nf3 g6: Torre, London and Colle Systems} Nbd7 (7... a5 8. a4 h6 9. Qb3 Kh7 10. O-O Na6 11. Nbd2 Nc7 12. c4 Na6 13. c5 Nh5 14. Bh2 dxc5 15. Bxa6 Rxa6 16. dxc5 {0-1 (16) Bouaziz,M (2259)-Petrisor,A (2405) Sliema 2014}) 8. Nbd2 h6 9. O-O Re8 10. Qb3 Nb6 $146 ({Black should try Predecessor:} 10... e5 $11 11. dxe5 Nxe5 (11... dxe5 12. Bh2 Nc5 13. Qd1 e4 14. Nd4 Ne6 15. Nxe6 Bxe6 {1-0 (44) Zhelev,M (1768)-Penov,L (2110) Primorsko 2016})) 11. a4 Nbd5 12. Bh2 Nh7 13. e4 Nc7 14. e5 d5 15. Qc2 Bf5 16. Bd3 Bxd3 17. Qxd3 e6 18. Bf4 Nf8 19. Nh2 g5 20. Be3 Ng6 21. f4 gxf4 22. Bxf4 Nxf4 23. Rxf4 Rf8 24. Ng4 Ne8 25. Raf1 f5 26. exf6 Nxf6 27. Qg6 Nd7 28. Nxh6+ (28. Rf7 $142 Rxf7 29. Nxh6+ Kh8 30. Nxf7+ Kg8 31. Nxd8 Nf6 32. Rxf6 Kh8 {[#]} 33. Rf8+ $1 Bxf8 34. Nf7#) 28... Kh8 29. Nf7+ Rxf7 30. Rxf7 $18 Qg8 31. Qh5+ 1-0

[Event "DFMMLV 2017"]
[Site "Braunfels"]
[Date "2017.06.18"]
[Round "5"]
[White "Ambartsumova, Karina"]
[Black "Flach, Helene"]
[Result "1-0"]
[ECO "D02"]
[WhiteElo "2318"]
[BlackElo "1870"]
[Annotator "ChessBase"]
[PlyCount "59"]
[EventDate "2017.??.??"]
[EventType "team-tourn"]
[EventCountry "GER"]
[SourceTitle "playchess.com"]
[Source "ChessBase"]
[SourceQuality "1"]
[TimeControl "40/5400+30:1800+30"]

1. d4 d5 2. Nf3 Nf6 3. Bf4 e6 4. e3 c5 5. c3 Nc6 6. Nbd2 Bd7 7. Bd3 Be7 8. O-O O-O 9. Ne5 Be8 10. Qf3 Nd7 11. Nxc6 bxc6 12. e4 Bg5 13. e5 Bxf4 14. Qxf4 f5 15. dxc5 Nxc5 16. Bc2 Bh5 17. Rfe1 Nd7 18. b4 Qe7 19. Nb3 Rfc8 20. Bd3 Rc7 21. Rac1 Rd8 22. a3 c5 23. Bb5 c4 24. Nd4 Nb8 25. Nxe6 Qxe6 26. Qg5 Rf8 27. Qxh5 f4 28. Qf3 Rcf7 29. Rcd1 Rd8 30. Bxc4 1-0

[Event "DFMMLV 2017"]
[Site "Braunfels"]
[Date "2017.06.18"]
[Round "5"]
[White "Belenkaya, Dina"]
[Black "Barpiyeva, Gulsana"]
[Result "1-0"]
[ECO "B51"]
[WhiteElo "2306"]
[BlackElo "2109"]
[Annotator "ChessBase"]
[PlyCount "47"]
[EventDate "2017.??.??"]
[EventType "team-tourn"]
[EventCountry "GER"]
[SourceTitle "playchess.com"]
[Source "ChessBase"]
[SourceQuality "1"]
[TimeControl "40/5400+30:1800+30"]

1. e4 c5 2. Nf3 d6 3. Bb5+ Nd7 4. O-O a6 5. Bd3 Ngf6 6. c3 g6 7. Bc2 Bg7 8. d4 O-O 9. Qe2 e5 10. dxe5 dxe5 11. a4 b6 12. Na3 Qc7 13. Nc4 Bb7 14. Rd1 Rfd8 15. Nd6 Nf8 16. Nxb7 Qxb7 17. Nxe5 Nxe4 18. Bf4 Nf6 19. Bb3 Nd5 20. Qf3 Ne6 21. Rxd5 Qc8 22. Rxd8+ Nxd8 23. Rd1 Bf6 24. Nd7 1-0

[Event "DFMMLV 2017"]
[Site "Braunfels"]
[Date "2017.06.18"]
[Round "5"]
[White "Imnadze, Nato"]
[Black "Frank, Tena"]
[Result "1/2-1/2"]
[ECO "B23"]
[WhiteElo "2283"]
[BlackElo "1982"]
[Annotator "ChessBase"]
[PlyCount "93"]
[EventDate "2017.??.??"]
[EventType "team-tourn"]
[EventCountry "GER"]
[SourceTitle "playchess.com"]
[Source "ChessBase"]
[SourceQuality "1"]
[TimeControl "40/5400+30:1800+30"]

1. e4 c5 2. Nc3 e6 3. g3 g6 4. Bg2 Bg7 5. d3 d6 6. Be3 Ne7 7. Qd2 O-O 8. Bh6 Nbc6 9. h4 f6 10. Bxg7 Kxg7 11. Nge2 h6 12. d4 cxd4 13. Nxd4 d5 14. Nxe6+ Bxe6 15. exd5 Nxd5 16. Bxd5 Bxd5 17. Nxd5 Re8+ 18. Ne3 Qxd2+ 19. Kxd2 Rad8+ 20. Ke2 Nd4+ 21. Kf1 h5 22. Kg2 Rc8 23. c3 Nc6 24. Rad1 Re7 25. Rd6 Ne5 26. Re1 Rc6 27. Rd4 Kf7 28. Nd5 Re8 29. b3 b5 30. f4 Nd7 31. Rde4 Rxe4 32. Rxe4 Rd6 33. Rd4 Rc6 34. Nb4 Rc7 35. Na6 Rb7 36. Kf2 Ke6 37. Rxd7 Rxd7 38. Nc5+ Kd6 39. Nxd7 Kxd7 40. Ke3 Kd6 41. Kd4 Ke6 42. c4 bxc4 43. bxc4 Kd6 44. c5+ Kc6 45. Kc4 a5 46. a4 f5 47. Kd4 {[%emt 0:00:04] Kd5+} 1/2-1/2

[Event "DFMMLV 2017"]
[Site "Braunfels"]
[Date "2017.06.18"]
[Round "5"]
[White "Wiesner, Paula"]
[Black "Klek, Hanna Marie"]
[Result "0-1"]
[ECO "E46"]
[WhiteElo "2068"]
[BlackElo "2368"]
[Annotator "NA"]
[PlyCount "54"]
[EventDate "2017.??.??"]
[EventType "team-tourn"]
[EventCountry "GER"]
[SourceTitle "playchess.com"]
[Source "ChessBase"]
[SourceQuality "1"]
[TimeControl "40/5400+30:1800+30"]

1. d4 Nf6 2. c4 e6 3. Nc3 Bb4 4. e3 O-O 5. Nge2 Re8 6. a3 Bf8 7. Ng3 d5 8. cxd5 {[%emt 0:00:49] E46: Nimzo-Indian: Rubinstein: 4 e3 0-0 5 Ne2 without early Bd3} (8. Be2 b6 9. cxd5 exd5 10. b4 Bb7 11. O-O Nbd7 12. Qb3 c6 13. Bf3 a6 14. Rd1 b5 15. e4 Nb6 {0-1 (51) Gupta,A (2627)-Wei,Y (2725) Liaocheng 2017}) 8... exd5 9. Bd3 a5 10. O-O c6 11. f3 $146 ({Predecessor:} 11. Qc2 h5 12. Bd2 h4 13. Nge2 Na6 14. h3 c5 15. Rad1 Bd7 16. Bf5 b6 17. Nc1 g6 18. Bxd7 Qxd7 {½-½ (18) Hovhannisyan,M (2460)-Saiboulatov,D (2360) Belgium 2008}) 11... Na6 12. Kh1 Nc7 13. Bc2 Ne6 14. Nce2 g6 15. e4 h5 16. Nf4 (16. e5 $14 {stays ahead.}) 16... Nxf4 17. Bxf4 h4 18. Ne2 (18. e5 $1 $11 {remains equal.}) 18... h3 19. g3 $2 (19. e5 $11 {and White stays safe.}) 19... dxe4 20. fxe4 Nxe4 21. Bb3 Be6 22. Be5 $2 (22. Ng1) 22... Bd5 23. Kg1 {[%emt 0:00:35] [#]} Rxe5 $1 24. dxe5 Bc5+ 25. Nd4 Bxb3 26. Qxb3 Qxd4+ 27. Kh1 Nf2+ 0-1

[Event "DFMMLV 2017"]
[Site "Braunfels"]
[Date "2017.06.18"]
[Round "5"]
[White "Gheng, Simona"]
[Black "Diener, Carolin Valeria"]
[Result "1-0"]
[ECO "C77"]
[WhiteElo "1999"]
[BlackElo "1886"]
[Annotator "NA"]
[PlyCount "83"]
[EventDate "2017.??.??"]
[EventType "team-tourn"]
[EventCountry "GER"]
[SourceTitle "playchess.com"]
[Source "ChessBase"]
[SourceQuality "1"]
[TimeControl "40/5400+30:1800+30"]

1. e4 e5 2. Nf3 Nc6 3. Bb5 a6 4. Ba4 Nf6 5. d3 d6 6. c3 Be7 7. O-O O-O 8. Nbd2 b5 9. Bc2 Nb8 {[%emt 0:01:59] C77: Ruy Lopez: 3...a6 4 Ba4 Nf6, unusual lines} 10. Re1 (10. d4 Nbd7 11. Re1 Bb7 12. Nf1 Re8 13. h3 Bf8 14. Bg5 h6 15. Bh4 Qc8 16. dxe5 dxe5 17. N3d2 Nh7 18. Ne3 g6 19. Qf3 Be7 20. Bb3 Bxh4 21. Qxf7+ Kh8 22. Qxg6 Rf8 23. Nf5 Rxf5 24. Qxf5 {1-0 (56) Svidler,P (2755)-Romanov,E (2636) Sochi 2017}) 10... c5 11. Nf1 Qc7 12. Ng3 g6 $146 ({Predecessor:} 12... Nc6 13. h3 Rd8 14. d4 Bf8 15. Bg5 {1-0 (60) Womacka,M (2439)-Engel,J (2209) Bad Wiessee 2014}) 13. Bh6 Re8 14. h3 Nbd7 15. Qd2 Nf8 16. a4 Bd7 17. axb5 axb5 18. h4 ({White should play} 18. d4) 18... Nh5 (18... Rxa1 $11 {remains equal.} 19. Rxa1 Ng4) 19. Nxh5 gxh5 20. Bxf8 Rxf8 21. Qh6 Bg4 22. Ng5 Bxg5 23. Qxg5+ ({Stronger than} 23. hxg5 Rae8 $11) 23... Kh8 24. Qf6+ Kg8 25. f3 Be6 26. Qg5+ Kh8 27. Qxh5 ({White should play} 27. Rxa8 $16 Rxa8 28. Qxh5) 27... Ra7 $2 (27... Rxa1 $1 $14 28. Rxa1 Rg8) 28. Qh6 Rfa8 29. Rxa7 Qxa7 30. Qf6+ Kg8 31. h5 Qb8 (31... h6 {keeps fighting.} 32. Qxh6 Qe7) 32. h6 ({Less strong is} 32. Qg5+ Kh8 $18) 32... Qf8 (32... Kf8 {might work better.} 33. f4 exf4) 33. f4 exf4 34. Rf1 Ra6 35. Rxf4 d5 36. Rf3 Bg4 37. Qxa6 Bxf3 38. gxf3 f6 39. Qe6+ Kh8 40. e5 Qxh6 41. Qxf6+ Qxf6 42. exf6 1-0

[Event "DFMMLV 2017"]
[Site "Braunfels"]
[Date "2017.06.18"]
[Round "5"]
[White "Siegl, Melina"]
[Black "Schneider, Birgit"]
[Result "1-0"]
[ECO "B30"]
[WhiteElo "1972"]
[BlackElo "1924"]
[Annotator "NA"]
[PlyCount "77"]
[EventDate "2017.??.??"]
[EventType "team-tourn"]
[EventCountry "GER"]
[SourceTitle "playchess.com"]
[Source "ChessBase"]
[SourceQuality "1"]
[TimeControl "40/5400+30:1800+30"]

1. e4 c5 2. Nf3 Nc6 3. c3 d5 4. exd5 Qxd5 5. Na3 Nf6 {[%emt 0:06:29] B22: Sicilian: 2 c3} 6. Bc4 Qd8 {[%emt 0:05:06] LiveBook: 10 Games} 7. O-O e6 (7... a6 8. Nc2 Bg4 9. d4 e6 10. h3 Bxf3 11. Qxf3 Rc8 {1-0 (39) Nakamura,H (2776)-Yu,Y (2724) Caleta 2015}) 8. d3 Be7 9. Bf4 a6 $146 ({Predecessor:} 9... O-O 10. Bb3 b6 11. Qe2 Bb7 12. Rfd1 {0-1 (49) Palii,A (1859)-Purece,V (1541) Calimanesti Caciulata 2016}) 10. Bb3 O-O 11. Nc4 b5 12. Nce5 Nxe5 13. Nxe5 Bb7 14. Qe2 Bd5 15. c4 bxc4 (15... Bb7 $11) 16. dxc4 Be4 17. Rfd1 Qc8 18. Ba4 Ra7 19. f3 Ba8 20. Rd3 Rd8 21. Rad1 Rxd3 22. Qxd3 Bb7 23. Nd7 (23. g4 $18) 23... Bc6 24. Nxf6+ Bxf6 25. Bxc6 Bd4+ 26. Be3 Qxc6 27. Bxd4 Rd7 $1 28. Qb3 Qd6 29. Qa4 h6 30. b4 cxd4 31. c5 Qd5 32. Qxa6 d3 33. c6 Qd4+ 34. Kh1 Rd5 (34... Rc7 $142 35. b5 (35. Qxd3 Qxd3 36. Rxd3 Rxc6 $16) 35... Qc4 36. Qa8+ Kh7) 35. c7 Qf2 36. c8=Q+ Kh7 $18 37. Qc1 d2 38. Qc2+ g6 39. Qf1 1-0

[Event "DFMMLV 2017"]
[Site "Braunfels"]
[Date "2017.06.18"]
[Round "5"]
[White "Steimbach, Isabel"]
[Black "Winterholler, Christina"]
[Result "0-1"]
[ECO "B01"]
[WhiteElo "1972"]
[BlackElo "2064"]
[Annotator "NA"]
[PlyCount "86"]
[EventDate "2017.??.??"]
[EventType "team-tourn"]
[EventCountry "GER"]
[SourceTitle "playchess.com"]
[Source "ChessBase"]
[SourceQuality "1"]
[TimeControl "40/5400+30:1800+30"]

1. e4 d5 2. exd5 Nf6 3. d4 Nxd5 4. c4 Nb6 5. Nf3 g6 6. Be3 Bg7 7. Nc3 O-O {[%emt 0:01:04] B01: Scandinavian Defence} 8. c5 (8. Qd2 $14) (8. Be2 Bg4 9. Qb3 Nc6 10. O-O-O Bxf3 11. gxf3 e6 12. h4 a5 13. d5 exd5 14. cxd5 a4 15. Qb5 Na7 16. Qb4 {1-0 (33) Solodovnichenko,Y (2543)-Danin,A (2575) Koge 2013}) 8... Nd5 9. Bc4 Nxe3 10. fxe3 Nc6 11. O-O Bh6 $146 ({Predecessor:} 11... Bf5 12. a3 e6 13. h3 e5 {1-0 (71) Caporale,G (1787)-Yoshioka,H (1523) Sao Paulo 2013}) 12. Qe2 Bg4 13. h3 Bxf3 14. Rxf3 e5 (14... e6 $11) 15. d5 e4 {[%emt 0:03:25] [#]} (15... Na5 $142) 16. Rg3 $2 ({Don't do} 16. Nxe4 $6 Ne5 $11) (16. Rxf7 $1 $16 {[%mdl 512] keeps the pressure on.} Kxf7 (16... Rxf7 17. dxc6) 17. dxc6+ Kg7 18. cxb7) 16... Ne5 17. Nxe4 $2 {[%emt 0:00:22] [#]} (17. h4 $17) 17... Qh4 $1 18. Qc2 f5 19. d6+ Kh8 20. Qc3 Bg7 ({And not} 20... fxe4 21. Qxe5+ Bg7 22. Qg5 $16) 21. Qe1 Qxe4 22. Bb3 cxd6 23. cxd6 Rad8 24. Rd1 Nd3 25. Qa5 Rxd6 26. Rf3 Rfd8 27. Bc2 Qe7 28. Qxa7 Ra6 29. Qxa6 bxa6 30. Rxd3 Rxd3 31. Bxd3 Qd6 32. Bc4 Bxb2 33. Bb3 Qc5 34. Kf2 Bc1 35. Ke2 Qc3 36. Kf2 Qd2+ 37. Kg3 Qe1+ (37... Ba3 $142 38. Rf1 Qxe3+ 39. Kh2 Bd6+ 40. Kh1 Qg3 41. Kg1 Qh2+ 42. Kf2 Qf4+ 43. Ke2 Qe4+ 44. Kd1 Qd3+ 45. Ke1 Qe3+ 46. Kd1 Bb4 47. Rf2 Qxf2 48. Kc1 Qd2+ 49. Kb1 Ba3 50. h4 Qc1#) 38. Kf4 Qh4+ 39. g4 h5 (39... Ba3 $142 40. e4 Qe1 41. Re3 Bc1 42. gxf5 Qxe3+ 43. Ke5 gxf5 44. Kxf5 Qf4+ 45. Ke6 Qxe4+ 46. Kd6 Bf4+ 47. Kc5 Qd3 48. Bf7 Qd6+ 49. Kc4 Qc7+ 50. Kd4 Qxf7 51. a4 Qd7+ 52. Ke4 Qd2 53. a5 Kg7 54. Kf3 Qe3+ 55. Kg2 h5 56. Kf1 Bg3 57. Kg2 Qf2+ 58. Kh1 Qh2#) 40. Ke5 Qe7+ 41. Kf4 Qe4+ 42. Kg3 hxg4 43. hxg4 Qxg4+ $19 0-1

[Event "DFMMLV 2017"]
[Site "Braunfels"]
[Date "2017.06.18"]
[Round "5"]
[White "Zimmer, Elke"]
[Black "Hielscher, Ursula"]
[Result "1/2-1/2"]
[ECO "D00"]
[WhiteElo "1951"]
[BlackElo "1835"]
[Annotator "NA RC"]
[PlyCount "123"]
[EventDate "2017.??.??"]
[EventType "team-tourn"]
[EventCountry "GER"]
[SourceTitle "playchess.com"]
[Source "ChessBase"]
[SourceQuality "1"]
[TimeControl "40/5400+30:1800+30"]

1. d4 d5 2. Bf4 Nf6 3. e3 Bf5 4. Bd3 Bxd3 {[%emt 0:00:09] D00: 1 d4 d5: Unusual lines} 5. Qxd3 c6 6. Nd2 e6 7. Ne2 (7. Ngf3 Be7 8. O-O O-O 9. h3 Nbd7 10. a4 c5 11. a5 c4 12. Qe2 b5 13. axb6 axb6 14. Ne5 Nxe5 15. dxe5 {1-0 (45) Carlsen,M (2855)-Giri,A (2785) Bilbao 2016}) 7... Nbd7 8. c3 $146 ({Predecessor:} 8. O-O Nb6 9. e4 dxe4 10. Nxe4 Nxe4 11. Qxe4 Bd6 12. Bxd6 Qxd6 {0-1 (28) Ziukaite,I-Kadusauskas,J (1367) Kaunas 2015}) 8... Be7 9. h3 O-O 10. g4 Ne8 11. Nf3 Bd6 12. h4 Bxf4 13. Nxf4 Qc7 14. Ng5 Nef6 15. O-O-O Rfe8 16. Nh5 e5 17. Qf5 Qd6 18. Nxf6+ Nxf6 19. Nxf7 $2 (19. h5 $11 {and White has nothing to worry.}) 19... Kxf7 20. g5 Qe6 21. Qf3 $2 (21. Qxe6+ $11 Rxe6 22. gxf6) 21... Qg4 22. Rh3 e4 23. Qh1 Nd7 24. Rg3 Qe6 25. g6+ hxg6 26. Rdg1 Rh8 27. Qg2 Nf8 28. Rg4 Ke7 29. Qg3 Qd6 30. Rf4 Qe6 31. f3 Kd7 32. fxe4 dxe4 $2 ({Black should play} 32... Re8 $19 33. e5 Kc8) 33. Rgf1 Re8 34. Rf7+ Re7 35. Rxf8 Rxf8 36. Rxf8 Rf7 (36... Re8 $16 37. Rf4 Qxa2) 37. Rxf7+ Qxf7 38. Qg4+ Qf5 (38... Qe6 $5 39. Qg3 Qf5 $14) 39. Qf4 Qd5 40. b3 (40. Qf8 $5 ) 40... Qa5 41. Qf7+ Kc8 42. Qf8+ Kd7 43. Qxg7+ Kc8 44. Qf8+ Kd7 45. Qf7+ Kd8 46. Kb2 Qh5 $1 $11 {[%emt 0:01:13] remains equal.} 47. Qf8+ $2 (47. Qxb7 $18 Qxh4 48. Qb8+ Kd7 49. Qxa7+ Kc8 50. Qf7) 47... Kd7 48. Qg7+ Kc8 $1 49. Qf8+ Kd7 50. Qf7+ Kc8 51. Qe6+ Kc7 52. Qxe4 Qe2+ {[%emt 0:00:17] [#]} 53. Qc2 $1 Qxe3 54. Qh2+ Kd7 55. a4 a5 56. Qg2 Qe6 57. c4 Qf6 58. Qg4+ Kc7 59. Qe4 Qf2+ 60. Kc3 Qg3+ 61. Qd3 (61. Kc2 $5 Qf2+ 62. Kd1 $11) 61... Qe1+ 62. Kc2 $11 (62. Qd2 $5 Qa1+ 63. Kd3 $11) 1/2-1/2

[Event "DFMMLV 2017"]
[Site "Braunfels"]
[Date "2017.06.18"]
[Round "5"]
[White "Bakalarz, Grazyna"]
[Black "Fuchs, Antje"]
[Result "1-0"]
[ECO "A48"]
[WhiteElo "1946"]
[BlackElo "2052"]
[Annotator "NA RC"]
[PlyCount "139"]
[EventDate "2017.??.??"]
[EventType "team-tourn"]
[EventCountry "GER"]
[SourceTitle "playchess.com"]
[Source "ChessBase"]
[SourceQuality "1"]
[TimeControl "40/5400+30:1800+30"]

1. d4 Nf6 2. Nf3 g6 3. Bf4 Bg7 4. e3 d6 5. Be2 Nh5 {[%emt 0:00:42] A48: 1 d4 Nf6 2 Nf3 g6: Torre, London and Colle Systems} (5... O-O 6. h3 Nc6 7. Nc3 Qe8 8. d5 Nb8 9. e4 e5 10. Bc1 Nh5 11. Nd2 f5 12. exf5 Nf4 13. f6 Qf7 14. Nde4 Bxf6 {1-0 (46) Savchenko,B (2636)-Kovchan,A (2577) Skopje 2017}) 6. Bg5 c5 7. c3 Qb6 8. Qb3 $146 ({Predecessor:} 8. Qc1 h6 9. Bh4 Nc6 10. Na3 Bf5 11. O-O g5 12. Nd2 Bg6 13. Ndc4 {1-0 (37) Stepanov,N (1774)-Shakirov,R (2148) Kazan 2008}) 8... Qxb3 9. axb3 h6 10. Bh4 Bf5 (10... g5 $11 {keeps the balance.} 11. Bg3 Be6) 11. Nfd2 Nf6 12. Na3 cxd4 13. exd4 O-O 14. Nb5 (14. Bxf6 $5 Bxf6 15. Nac4 $11) 14... Nc6 15. Bxf6 Bxf6 16. Nc7 Rac8 17. Nd5 a6 18. Nxf6+ exf6 19. O-O Kg7 20. Nc4 Rcd8 21. b4 Rfe8 22. Ne3 Bc8 23. b5 axb5 24. Bxb5 Bd7 25. Bd3 f5 26. Nd5 Be6 27. Nc7 Re7 28. Nb5 Bd5 29. Rfe1 Be4 30. Bf1 f4 31. f3 Bc2 32. Rxe7 Nxe7 33. Ra7 Rd7 34. g3 fxg3 35. hxg3 d5 36. Kf2 Nc6 37. Ra8 Re7 38. Nd6 f6 39. Ra3 (39. Re8 $16) 39... Rd7 40. Nc8 h5 41. Bh3 Rd8 42. Nb6 Rd6 43. Na8 Bd3 44. Ke3 Bb1 45. Nc7 Kf7 46. Ra8 (46. Rb3 $16) 46... Ne7 47. Ra5 Rb6 48. b4 Rc6 49. Rc5 Ba2 (49... Bf5 $11 50. Bf1 Rd6) 50. b5 (50. Bd7 $16) 50... Rxc5 $4 (50... Rd6 $11 51. Na8 Bc4) 51. dxc5 g5 52. Be6+ Kg6 53. b6 h4 54. gxh4 gxh4 55. Kf4 f5 56. Bd7 Kf6 57. c6 Ng6+ 58. Ke3 h3 (58... Ne5 $142 59. Be8 Nc4+ 60. Kf4 Na5 61. cxb7 Nxb7) 59. cxb7 h2 60. b8=Q d4+ (60... h1=Q $142 61. Ne8+ Kf7) 61. Kxd4 h1=Q 62. Nd5+ (62. Ne8+ $142 Kf7 63. Nd6+ Kg7 64. Nxf5+ Kh7 65. Bb5 Qg1+ 66. Ne3) 62... Bxd5 63. Qd6+ ({Weaker is} 63. Kxd5 Qxf3+ 64. Kd4 Qe4+ 65. Kc5 Qe3+ 66. Kb4 Qe7+ 67. Kb3 Qf7+ 68. Kc2 Qxd7 $11) 63... Kg7 64. Kxd5 Qxf3+ 65. Kc4 Qe4+ $18 66. Kb5 Ne5 67. Qe7+ Kh6 68. Qf6+ Ng6 69. Bxf5 Qd5+ 70. Kb4 1-0

[Event "DFMMLV 2017"]
[Site "Braunfels"]
[Date "2017.06.18"]
[Round "5"]
[White "Heil, Marina"]
[Black "Storkebaum, Ulrike"]
[Result "0-1"]
[ECO "C50"]
[WhiteElo "1890"]
[BlackElo "1803"]
[Annotator "NA RC"]
[PlyCount "135"]
[EventDate "2017.??.??"]
[EventType "team-tourn"]
[EventCountry "GER"]
[SourceTitle "playchess.com"]
[Source "ChessBase"]
[SourceQuality "1"]
[TimeControl "40/5400+30:1800+30"]

1. e4 e5 2. Nf3 Nc6 3. Bc4 Nf6 4. d3 Bc5 5. c3 d6 6. Bb3 O-O 7. O-O h6 8. Re1 Bg4 {[%emt 0:04:20] C54: Giuoco Piano: 4 c3 Nf6, main lines with 5 d4 and 5 d3} (8... Re8 9. Nbd2 a6 10. Nf1 Ba7 11. Ng3 Be6 12. Bxe6 Rxe6 13. d4 d5 14. Nxe5 Nxe5 15. dxe5 Nxe4 16. Nxe4 dxe4 {0-1 (43) Movsesian,S (2672)-Bacrot,E (2720) Dubai 2014}) 9. h3 Bxf3 10. Qxf3 Qe7 $146 ({Predecessor:} 10... Nh7 11. Qg3 Kh8 12. Bc2 Ne7 13. Kh1 f5 14. f4 fxe4 15. dxe4 exf4 16. Bxf4 {1-0 (41) Kristensen,K (2029)-Jensen,A (1341) Harstad 2006}) 11. Nd2 Nh7 12. Nf1 Qf6 13. Qg3 Ne7 14. Ne3 Kh8 15. Qg4 Rad8 16. Rf1 Qg6 17. Kh2 Qxg4 18. hxg4 c6 19. f4 exf4 20. Rxf4 Ng5 (20... d5 $11) 21. Nf5 Ng6 22. Rf1 Bb6 23. Kg3 (23. Bxg5 $5 hxg5 24. d4 $16) 23... d5 24. Rh1 Bc7+ 25. Kf2 Bf4 26. exd5 Bxc1 27. Raxc1 Ne5 28. Ke2 Nxg4 29. Rh4 Rfe8+ 30. Kd2 Nf6 31. dxc6 bxc6 32. d4 c5 33. Rf1 cxd4 34. Nxd4 Nfe4+ 35. Kc2 f6 36. Rf5 Ng3 37. Ra5 Ne2 38. Bd5 Nxd4+ 39. Rxd4 Re2+ 40. Kb3 Rb8+ 41. Rb4 Rxb4+ 42. Kxb4 Rxb2+ 43. Kc5 (43. Kc4 $16) 43... f5 44. Rxa7 Ne4+ 45. Kd4 Rd2+ 46. Kc4 Kh7 47. g4 $2 (47. Re7 $11) 47... Nf6 48. Be6 fxg4 49. Bf5+ Kg8 50. Ra8+ Kf7 51. Ra7+ {[%emt 0:00:00] [#]} Kf8 $1 52. Ra8+ Ke7 53. Ra7+ {[%emt 0:00:00] [#]} Kd6 $1 54. Rxg7 Rxa2 55. Rg6 (55. Bc8 $142) 55... Ke5 56. Bxg4 Nxg4 57. Kb3 Rg2 58. c4 Kf5 59. Rg8 Re2 60. c5 Re6 61. Kb4 Ne5 62. Kb5 h5 63. Rh8 Kg5 64. Rg8+ Rg6 65. Re8 Kf5 66. Rh8 Rg5 67. Kb4 Kg4 68. Kc3 $19 0-1

[Event "DFMMLV 2017"]
[Site "Braunfels"]
[Date "2017.06.18"]
[Round "5"]
[White "Zahn, Nicol"]
[Black "Zpevakova, Jana"]
[Result "0-1"]
[ECO "C00"]
[WhiteElo "1863"]
[BlackElo "2093"]
[Annotator "NA"]
[PlyCount "110"]
[EventDate "2017.??.??"]
[EventType "team-tourn"]
[EventCountry "GER"]
[SourceTitle "playchess.com"]
[Source "ChessBase"]
[SourceQuality "1"]
[TimeControl "40/5400+30:1800+30"]

1. e4 e6 2. d3 d5 3. Nd2 Bd6 4. Ngf3 c5 5. g3 Nc6 6. Bg2 Nge7 7. O-O O-O 8. Re1 Bc7 9. c3 b6 {[%emt 0:00:15] LiveBook: 44 Games} 10. h4 {[%emt 0:03:37] A08: King's Indian Attack} (10. a3 a5 11. a4 Ba6 12. Qc2 Ng6 13. exd5 exd5 14. Nb3 Nce5 15. Nxe5 Nxe5 16. Rd1 Rc8 17. d4 Nd3 18. Rxd3 Bxd3 19. Qxd3 {1-0 (28) Ivanchuk,V (2747)-Korobov,A (2692) Doha 2016}) 10... Ba6 11. Bf1 $146 ({Predecessor:} 11. Nf1 d4 12. c4 b5 13. b3 Ba5 14. Bd2 bxc4 15. dxc4 e5 16. h5 Bc8 17. Nh4 Bxd2 18. Qxd2 {½-½ (44) Roinos,I (2106)-Nikolaidis,I (2554) Athens 2016}) 11... Qd7 12. Qa4 Bb7 13. d4 (13. b4 $11) 13... Rad8 ({Black should play} 13... dxe4 $17 14. Rxe4 Qd5) 14. dxc5 bxc5 15. exd5 Nxd5 16. Ne4 $2 (16. Qb5 $11 {and White has nothing to worry.} Bb6 17. Nc4) 16... Bb6 $2 (16... Ne5 $19 17. Nxe5 Qxa4 18. Nxc5 Qe8 19. Nxb7 Rb8) 17. Qc2 f6 18. Bd2 Rfe8 19. Rad1 f5 20. Neg5 h6 21. Nh3 Qf7 (21... Nf6 $15 22. Be2 Qc8) 22. Bc1 (22. Bf4 $11) 22... Bc7 23. Bg2 Kh8 24. a3 e5 {[%emt 0:04:30] [#]} ({Black should try} 24... Kg8 $11) 25. c4 $2 (25. Nfg5 $1 $14 {[%mdl 512] was the only good move.} Qg8 (25... hxg5 26. Nxg5) 26. Qxf5 hxg5 27. Bxd5 Rxd5 28. Nxg5 (28. Rxd5 Qxd5 29. Nxg5 Kg8 $14)) 25... Nb6 26. Rxd8 Bxd8 27. b3 e4 28. Nh2 Nd4 29. Qb1 Nd7 30. Bb2 Ne5 31. Bxd4 cxd4 32. Nf4 Bb6 33. Ne2 $1 $11 {[%emt 0:01:44] and White has nothing to worry.} Nd3 (33... Qe7 34. Nf4) 34. Rf1 Ne5 35. Nf4 $2 g5 36. hxg5 hxg5 37. Nh3 Qh5 38. Qd1 Nf3+ $2 (38... Qxd1 $19 {is more deadly.} 39. Rxd1 Rg8) 39. Nxf3 exf3 40. Nxg5 (40. Re1 $17) 40... Qxg5 41. Bxf3 Bxf3 42. Qxf3 Re4 43. Kg2 Qg4 44. Rh1+ Kg7 45. Qxg4+ fxg4 46. Rd1 Re2 $2 (46... Bd8 $19 47. Kf1 Kf6) 47. Rd3 $2 (47. b4 $17 {was the crucial defense.}) 47... Rc2 48. b4 Rxc4 49. Kf1 Kf6 50. Rd2 Ke5 51. Ke2 Ke4 52. Ke1 d3 53. Kd1 Bd8 54. f4 gxf3 55. Rh2 Bg5 0-1

[Event "DFMMLV 2017"]
[Site "Braunfels"]
[Date "2017.06.18"]
[Round "5"]
[White "Hartmann, Cora"]
[Black "Mehling, Katharina"]
[Result "1/2-1/2"]
[ECO "B09"]
[WhiteElo "1788"]
[BlackElo "1905"]
[Annotator "NA RC"]
[PlyCount "98"]
[EventDate "2017.??.??"]
[EventType "team-tourn"]
[EventCountry "GER"]
[SourceTitle "playchess.com"]
[Source "ChessBase"]
[SourceQuality "1"]
[TimeControl "40/5400+30:1800+30"]

1. e4 d6 2. d4 Nf6 3. Nc3 g6 4. f4 Bg7 {[%emt 0:01:22] LiveBook: 5098 Games} 5. Nf3 O-O 6. Bc4 c6 (6... Nxe4 $5 7. Bxf7+ (7. Nxe4 d5 $11) 7... Rxf7 8. Nxe4 d5 $11) 7. Bb3 {[%emt 0:03:35] B09: Pirc Defence: Austrian Attack} h6 $146 ({Predecessor:} 7... d5 8. e5 Ne8 9. O-O Bg4 10. Be3 f6 11. Ne4 Nc7 12. c3 Kh8 13. Ng3 {½-½ (13) Georgiev,K (2485)-Chatalbashev,B (2507) Sunny Beach 2006}) 8. O-O Kh7 9. h3 d5 10. e5 Ne4 11. Qe1 Nxc3 12. Qxc3 f5 13. Qe1 b6 14. Be3 a5 15. c3 Ba6 16. Rf2 Bd3 17. Rd1 Be4 18. Nd2 a4 19. Nxe4 axb3 20. Nd2 bxa2 21. Ra1 Nd7 22. Nb3 Ra6 23. Nc1 Qc7 24. b3 Rfa8 25. Rc2 Qb7 26. Qe2 R8a7 27. Rcxa2 Nb8 28. Rxa6 Rxa6 29. Rxa6 Qxa6 30. Qxa6 Nxa6 31. Nd3 e6 32. g4 fxg4 33. hxg4 h5 34. Kg2 Bf8 35. Kh3 Be7 36. Bf2 Nc7 37. gxh5 gxh5 38. Bh4 Bf8 (38... Bxh4 $15 39. Kxh4 Kg6) 39. Bd8 Nb5 40. Bxb6 Nxc3 41. Bc5 Bh6 42. Nb4 Bxf4 43. Nxc6 Kg6 44. b4 Kf5 45. Kh4 Kg6 46. Na7 Ne4 47. Be7 Be3 48. Nc6 {[%emt 0:01:18] [#]} Nc3 $1 49. Bc5 $17 Nb5 1/2-1/2